 Seeded DCSS version 0.31-a0-542-gdc2a67831c (webtiles) character file.

Game seed: 3462948736809364276 (custom seed)

605 bmack86 the Cleaver (level 7, 0/57 HPs)
             Began as a Minotaur Fighter on Aug 14, 2023.
             Slain by an orc warrior
             ... wielding a +0 mace
              (10 damage)
             ... on level 7 of the Dungeon.
             The game lasted 00:04:58 (2492 turns).

bmack86 the Cleaver (Minotaur Fighter)              Turns: 2492, Time: 00:04:58

Health: 0/57       AC: 11    Str: 22    XL:     7   Next: 19%
Magic:  6/6        EV:  6    Int:  5    God:
Gold:   140        SH:  5    Dex: 10    Spells: 6/6 levels left

rFire   . . .        a - +0 war axe
rCold   . . .        c - +0 buckler
rNeg    . . .        f - +0 plate armour
rPois   .            (helmet restricted)
rElec   .            (no cloak)
rCorr   .            (no gloves)
SInv    .            (no boots)
Will    .....        (no amulet) Stlth
                     (no ring)
HPRegen 0.29/turn    (no ring)
MPRegen 0.10/turn

%: no passive effects
@: no status effects
A: horns 2, retaliatory headbutt
a: no special abilities


You were on level 7 of the Dungeon.
You visited 1 branch of the dungeon, and saw 5 of its levels.

You collected 140 gold pieces.

Inventory:

Hand Weapons
 a - a +0 war axe (weapon)
Missiles
 r - a boomerang
Armour
 b - a +0 scale mail
 c - a +0 buckler (worn)
 f - a +0 plate armour (worn)
Jewellery
 l - a ring of fire
Scrolls
 e - 3 scrolls of immolation {unknown}
 g - a scroll of fear {unknown}
 j - a scroll of fog {unknown}
 m - a scroll of identify {unknown}
 o - a scroll of enchant weapon {unknown}
 q - a scroll of teleportation {unknown}
 s - a scroll of poison {unknown}
Potions
 d - a potion of might
 h - 2 potions of curing {unknown}
 i - a potion of enlightenment {unknown}
 k - a potion of haste {unknown}
 n - a potion of cancellation {unknown}
 p - a potion of lignification {unknown}


   Skills:
 - Level 3.6 Fighting
 + Level 9.0 Axes
 - Level 3.6 Armour
 - Level 5.0 Shields


You had 6 spell levels left.
You didn't know any spells.
Your spell library contained the following spells:

 Spells                   Type           Power      Damage    Failure   Level
 Sublimation of Blood     Necr           0%         N/A       100%        2
 Hailstorm                Conj/Ice       0%         3d3       100%        3
 Petrify                  Tmut/Erth      0%         N/A       100%        4
 Summon Ice Beast         Ice/Summ       0%         N/A       100%        4
 Irradiate                Conj/Tmut      0%         3d11      100%        5
 Simulacrum               Ice/Necr       0%         N/A       100%        6


Dungeon Overview and Level Annotations

Branches:
Dungeon (4/15)
 Temple: D:4-7

Altars:
Hepliaklqana
Makhleb
Sif Muna


Innate Abilities, Weirdness & Mutations

You have a pair of horns on your head.
You reflexively headbutt those who attack you in melee.


Message History

The bullfrog attacks as you move away! The bullfrog closely misses you.
The bullfrog barely misses you.
Found a club.
The orc wizard gestures wildly while chanting.
The orc wizard flickers and vanishes!
Deactivating autopickup; reactivate with Ctrl-A.
The bullfrog closely misses you. The bullfrog hits you!
The bullfrog hits you but does no damage.
You slash the bullfrog!
You kill the bullfrog!
Your Axes skill increases to level 9!
You barely miss the orc warrior. The orc warrior barely misses you.
You furiously retaliate!
You headbutt the orc warrior!
The orc wizard casts a spell.
The orc wizard flickers and vanishes!
You closely miss the orc warrior.
The orc warrior is heavily wounded.
The orc warrior hits you with a +0 mace.
You barely miss the orc warrior.
The orc warrior is heavily wounded.
The orc warrior hits you but does no damage.
You hit the orc warrior but do no damage.
You headbutt the orc warrior.
The orc warrior is heavily wounded.
The orc warrior hits you with a +0 mace.
* * * LOW HITPOINT WARNING * * *
You hit the orc warrior but do no damage.
You headbutt the orc warrior!
The orc warrior is almost dead.
The orc warrior hits you with a +0 mace.
* * * LOW HITPOINT WARNING * * *
You closely miss the orc warrior.
The orc warrior is almost dead.
The orc warrior hits you but does no damage.
A white imp comes into view.
You hit the orc warrior but do no damage.
The orc warrior is almost dead.
The orc warrior hits you with a +0 mace!
You die...

#.#.# #... . #.#.##
## ####....##### #
#.....#.....# .# #
#.##....###.##.##..
# #.#5####.......#
#.o............#
#o#............#
#@#####o{......#
#.# #..>.....# #.#
#..o.....# #.#
#......... #..
...o..#### .).
....#..# ###
##.##..# #. ..#


You could see an orc warrior, a white imp and an orc.

Vanquished Creatures
  Sigmund (D:3)
  A bullfrog (D:7)
  4 wights (D:7)
  An orc priest (D:3)
  Terence (D:3)
  An orc wizard (D:3)
  An adder (D:2)
  A worm (D:3)
  2 dart slugs
  8 orcs (D:3)
  10 ball pythons
  5 endoplasms
  4 giant cockroaches
  4 goblins (D:1)
  2 hobgoblins
  3 jackals (D:1)
  A quokka (D:3)
  11 bats
  2 frilled lizards (D:1)
  8 kobolds
  8 rats
79 creatures vanquished.

Notes
Turn   | Place    | Note
-------+----------+-------------------------------------------
     0 | D:1      | bmack86 the Minotaur Fighter began the quest for the Orb.
     0 | D:1      | Reached XP level 1. HP: 19/19 MP: 0/0
    70 | D:1      | Reached XP level 2. HP: 26/26 MP: 1/1
   142 | D:1      | Reached skill level 3 in Axes
   342 | D:1      | Reached XP level 3. HP: 31/31 MP: 2/2
   657 | D:2      | Found a burning altar of Makhleb.
   737 | D:2      | Found a faded altar of an unknown god.
   760 | D:2      | Reached skill level 5 in Shields
  1324 | D:3      | Noticed Terence
  1335 | D:3      | Killed Terence
  1336 | D:3      | Reached skill level 4 in Axes
  1336 | D:3      | Reached XP level 4. HP: 14/39 MP: 3/3
  1508 | D:3      | Noticed Sigmund
  1521 | D:3      | Killed Sigmund
  1522 | D:3      | Reached skill level 6 in Axes
  1522 | D:3      | Reached XP level 5. HP: 20/45 MP: 4/4
  1660 | D:3      | Found a shimmering blue altar of Sif Muna.
  1816 | D:3      | Reached skill level 7 in Axes
  1816 | D:3      | Reached XP level 6. HP: 49/51 MP: 5/5
  1967 | D:3      | Found a hazy altar of Hepliaklqana.
  2214 | D:4      | You fall into a shaft and drop 3 floors!
  2312 | D:7      | Reached skill level 8 in Axes
  2358 | D:7      | Reached XP level 7. HP: 29/57 MP: 6/6
  2486 | D:7      | Reached skill level 9 in Axes
  2492 | D:7      | Slain by an orc warrior

Illustrated notes

Levels and vault maps discovered:
D:1:      mushboom_english_gardens, layout_rooms, minmay_tromino_v4_b
D:2:      layout_loops_corners, basic_altar, ebering_ecumenical_altar_mist
D:3:      layout_basic, lemuel_blue_sif_altar, nicolae_hepliaklqana_hippocampus,
          uniq_terence, uniq_sigmund
D:4:      layout_gridville, trog_book, nicolae_overflow_hidden_temple
D:7:      layout_loops_ring, uniq_pikel

Skill      XL: |  1  2  3  4  5  6  7 |
---------------+----------------------+-----
Shields        | 4 5 |  5.0
Axes           | 3 4 6 7 8 9 |  9.0
Fighting       | |  3.6
Armour         | |  3.6

Action                     |  1- 3 |  4- 6 |  7- 9 || total
---------------------------+-------+-------+-------++-------
  Melee: War axe           |   112 |    80 |    14 ||   206
         Headbutt          |    11 |     8 |     2 ||    21
 Armour: Plate armour      |   116 |    38 |     8 ||   162
  Dodge: Dodged            |    37 |    18 |     6 ||    61
  Block: Buckler           |    33 |     9 |     3 ||    45

Table legend: (Time is in decaauts)
 A = Elapsed time spent in this place.
 B = Non-inter-level travel time spent in this place.
 C = Inter-level travel time spent in this place.
 D = Time resting spent in this place.
 E = Time spent auto-exploring this place.
 F = Levels seen in this place.
 G = Mean time per level.
                   A        B        C        D        E       F      G
               +--------+--------+--------+--------+--------+-----+--------+
         Total |   2549 |   2470 |     79 |     85 |   1697 |   5 |  509.8 |
       Dungeon |   2549 |   2470 |     79 |     85 |   1697 |   5 |  509.8 |
               +--------+--------+--------+--------+--------+-----+--------+

Top non-repeatable levels by time:
     D:3: 936 daAuts
     D:2: 789 daAuts
     D:1: 538 daAuts
     D:7: 282 daAuts
     D:4: 2 daAuts
